 Dungeon Crawl Stone Soup version 0.29.1-15-g9cfb28693d (webtiles) character file.

Game seed: 3736175185125270709

420 Heoruswealwe the Covered (level 6, -14/84 HPs)
             Began as a Minotaur Fighter on Mar 18, 2023.
             Demolished by an ogre
             ... wielding a +0 giant spiked club
              (17 damage)
             ... on level 4 of the Dungeon.
             The game lasted 00:32:28 (2591 turns).

Heoruswealwe the Covered (Minotaur Fighter)         Turns: 2591, Time: 00:32:28

Health: -14/84     AC: 26    Str: 22    XL:     6   Next: 62%
Magic:  5/5        EV:  3    Int: 17    God:
Gold:   172        SH:  5    Dex: 10    Spells: 5/5 levels left

rFire   . . .      SeeInvis .   a - +0 war axe
rCold   . . .      Faith    .   c - +0 buckler
rNeg    + . .      Spirit   .   b - +4 crystal plate armour "Poyl Xie" {rN+}
rPois   .          Reflect  .   (helmet restricted)
rElec   .          Harm     .   (no cloak)
rCorr   .          Rampage  .   e - +0 pair of gloves
Will    .....                   g - +2 pair of boots
Stlth   ..........              (no amulet)
HPRegen 0.24/turn               n - +6 ring of intelligence
MPRegen 0.09/turn               f - +6 ring of intelligence

@: berserking, very quick
A: horns 2, retaliatory headbutt
a: no special abilities


You were on level 4 of the Dungeon.
You visited 1 branch of the dungeon, and saw 4 of its levels.

You collected 172 gold pieces.

Inventory:

Hand Weapons
 a - a +0 war axe (weapon)
Armour
 b - the +4 crystal plate armour "Poyl Xie" (worn) {rN+}
   (You acquired it on level 2 of the Dungeon)

   rN:        It protects you from negative energy.
 c - a +0 buckler (worn)
 e - a +0 pair of gloves (worn)
 g - a +2 pair of boots (worn)
Jewellery
 f - a +6 ring of intelligence (right hand)
 n - a +6 ring of intelligence (left hand)
Wands
 s - a wand of flame (1)
Scrolls
 l - a scroll of fear
 q - a scroll of amnesia
 r - a scroll of poison
 t - a scroll of teleportation
 u - a scroll of enchant armour
Potions
 d - a potion of might


   Skills:
 + Level 5.5 Fighting
 + Level 4.7 Axes
 + Level 5.5 Armour
 + Level 5.4 Shields


You had 5 spell levels left.
You didn't know any spells.
Your spell library contained the following spells:

 Spells                   Type           Power      Damage    Failure   Level
 Necrotise                Necr           0%         1d4       100%        1
 Blink                    Tloc           0%         N/A       100%        2
 Sublimation of Blood     Necr           0%         N/A       100%        2
 Lesser Beckoning         Tloc           0%         N/A       100%        3
 Anguish                  Hex/Necr       0%         N/A       100%        4
 Animate Dead             Necr           0%         N/A       100%        4
 Manifold Assault         Tloc           0%         N/A       100%        5


Dungeon Overview and Level Annotations

Branches:
Dungeon (4/15)
 Temple: D:4-7

Altars:
Kikubaaqudgha


Innate Abilities, Weirdness & Mutations

You have a pair of horns on your head.
You reflexively headbutt those who attack you in melee.


Message History

You slash the yak! Your headbutt misses the yak.
The yak is moderately wounded.
The yak gores you but does no damage.
You hit the yak.
The yak is heavily wounded.
You barely miss the yak. The yak gores you but does no damage.
You barely miss the yak. The yak gores you but does no damage.
You hit the yak but do no damage. You headbutt the yak, but do no damage.
You block the yak's attack. The yak gores you but does no damage.
You hit the yak but do no damage. You headbutt the yak, but do no damage.
The yak gores you but does no damage.
You slash the yak! Your headbutt misses the yak.
The yak is heavily wounded.
You hit the ogre but do no damage. The yak gores you but does no damage.
The ogre hits you with a +0 giant spiked club.
You hit the yak but do no damage.
The yak is heavily wounded.
You hit the ogre. The yak gores you but does no damage.
The ogre hits you with a +0 giant spiked club!!
* * * LOW HITPOINT WARNING * * *
The yak gores you but does no damage.
You hit the ogre.
The ogre is lightly wounded.
You barely miss the yak. The yak gores you.
* * * LOW HITPOINT WARNING * * *
The ogre hits you but does no damage.
A red film seems to cover your vision as you go berserk!
You feel yourself moving faster!
You feel mighty! The yak gores you.
* * * LOW HITPOINT WARNING * * *
You hit the yak. You headbutt the yak!
The yak is almost dead.
You slash the ogre!
The ogre hits you with a +0 giant spiked club.
* * * LOW HITPOINT WARNING * * *
The yak barely misses you.
You slice the yak!!
You kill the yak!
You slash the ogre!
The ogre hits you with a +0 giant spiked club!
You die...

## #.# ##...##.# .. #.
#.# #....##.# .# .## #.#
#...###.# # ... #.#
#...# #.# # #
#.####.#####...###.#
.#.##..................#
###.
.....!.............#####
....
##......##O#########
.#.. .....).YY@..# ....
........##.## ##.#
##.#...##### # ##.# #.
#. . #


You could see 2 yaks and an ogre.

Vanquished Creatures
  Sigmund (D:3)
  A yak (D:4)
  A black bear (D:4)
  An iguana (D:4)
  Ijyb (D:3)
  Robin (D:4)
  3 gnolls (D:3)
  An adder (D:2)
  2 worms
  5 endoplasms
  2 giant cockroaches (D:1)
  15 goblins
  5 hobgoblins
  3 quokkas (D:1)
  8 ball pythons
  3 bats
  2 frilled lizards (D:1)
  3 kobolds (D:1)
  7 rats
65 creatures vanquished.

Notes
Turn   | Place    | Note
-------+----------+-------------------------------------------
     0 | D:1      | Heoruswealwe the Minotaur Fighter began the quest for the
                  | Orb.
     0 | D:1      | Reached XP level 1. HP: 19/19 MP: 0/0
   167 | D:1      | Reached XP level 2. HP: 14/27 MP: 1/1
   265 | D:1      | Found a faded altar of an unknown god.
   270 | D:1      | Prayed at the altar of an unknown god.
   270 | D:1      | Became a worshipper of Kikubaaqudgha
   270 | D:1      | Reached * piety under Kikubaaqudgha
   270 | D:1      | Received a gift from Kikubaaqudgha
   271 | D:1      | Fell from the grace of Kikubaaqudgha
   776 | D:1      | Reached XP level 3. HP: 31/33 MP: 2/2
  1340 | D:2      | You fall into a shaft and drop 1 floor!
  1395 | D:3      | Noticed Sigmund
  1417 | D:3      | Reached XP level 4. HP: 16/41 MP: 3/3
  1420 | D:3      | Killed Sigmund
  1421 | D:3      | Reached skill level 5 in Fighting
  1421 | D:3      | Reached skill level 5 in Armour
  1421 | D:3      | Reached skill level 5 in Shields
  1421 | D:3      | Reached XP level 5. HP: 19/48 MP: 4/4
  1735 | D:3      | Noticed Ijyb
  1744 | D:3      | Killed Ijyb
  1745 | D:3      | Reached XP level 6. HP: 31/56 MP: 5/5
  2212 | D:2      | Identified a scroll of acquirement
  2212 | D:2      | Acquired the +4 crystal plate armour "Poyl Xie" {rN+}
  2430 | D:4      | Noticed Robin
  2441 | D:4      | Killed Robin
  2572 | D:4      | Noticed a yak
  2573 | D:4      | Noticed a yak
  2579 | D:4      | Noticed a yak
  2589 | D:4      | HP: 3/84 [yak (6)]
  2591 | D:4      | Killed a yak
  2591 | D:4      | Demolished by an ogre

Illustrated notes

Levels and vault maps discovered:
D:1:      ncdulo_wetmaze, layout_loops_corners,
          shapermc_ecumenical_altar_mp_vishouse
D:2:      layout_loops_ring
D:3:      layout_basic, kennysheep_generic_room_3, uniq_ijyb, uniq_sigmund
D:4:      layout_loops_ring, nicolae_ru_the_path_less_chosen, elyvilon_altar_1,
          lemuel_doored_altar, old_standard_altar, uniq_eustachio, uniq_robin,
          uniq_crazy_yiuf_cottage

Skill      XL: |  1  2  3  4 |
---------------+-------------+-----
Armour         | 4 5 |  5.5
Fighting       | 4 5 |  5.5
Shields        | 4 5 |  5.4
Axes           | 3 4 |  4.7

Action                   |  1- 3 |  4- 6 || total
-------------------------+-------+-------++-------
Melee: War axe           |    76 |    63 ||   139
       Headbutt          |     7 |     8 ||    15
Invok: Renounce Religion |     1 |       ||     1
  Use: Scroll            |       |     9 ||     9
       Potion            |       |     5 ||     5
Armor: Scale mail        |    11 |       ||    11
       Chain mail        |    15 |     8 ||    23
       Crystal plate arm |       |    55 ||    55
Dodge: Dodged            |    32 |    13 ||    45
Block: Buckler           |     9 |    15 ||    24
